 Dungeon Crawl Stone Soup version 0.20.1-1-g8b1a95d (webtiles) character file.

21 GrayWolf the Caller (level 2, 0/24 HPs)
             Began as a Troll Summoner on Oct 20, 2017.
             Slain by Crazy Yiuf
             ... wielding a +2 quarterstaff of chaos
              (2 damage)
             ... on level 2 of the Dungeon.
             The game lasted 00:07:16 (463 turns).

GrayWolf the Caller (Troll Summoner)                 Turns: 463, Time: 00:07:17

Health: 0/24       AC:  5    Str: 15    XL:     2   Next: 62%
Magic:  1/3        EV: 10    Int: 11    God:
Gold:   30         SH:  0    Dex: 10    Spells: 2/3 levels left

rFire    . . .     SeeInvis .   a - +0 trident
rCold    . . .     Gourm    +   (no shield)
rNeg     . . .     Faith    .   d - +0 robe
rPois    .         Spirit   .   (helmet restricted)
rElec    .         Reflect  .   (no cloak)
rCorr    .         Harm     .   (gloves unavailable)
MR       .....                  (boots unavailable)
Stlth    +.........             (no amulet)
Regen    0.5/turn               (no ring)
MPRegen  0.1/turn               (no ring)

@: hasted, very quick
A: unfitting armour, claws 3, fast metabolism 3, gourmand, regeneration 1,
shaggy fur 1, tough skin 2
a: no special abilities


You were on level 2 of the Dungeon.
You were full.

You visited 1 branch of the dungeon, and saw 2 of its levels.

You collected 30 gold pieces.

Inventory:

Hand Weapons
 a - a +0 trident (weapon)
 b - a +0 hunting sling
Missiles
 e - 19 arrows
 g - 21 bolts
 k - 33 sling bullets
 m - 15 stones (quivered)
Armour
 d - a +0 robe (worn)
 j - a +0 leather armour
Potions
 f - a potion of flight {unknown}
 h - a potion of cancellation {unknown}
 l - a potion of haste
 q - a potion of curing
Books
 p - a book of Callings

   Spells                             Type                      Level
   a - Summon Small Mammal            Summoning                    1
   b - Call Imp                       Summoning                    2
   c - Call Canine Familiar           Summoning                    3
   d - Summon Guardian Golem          Hexes/Summoning              3
   e - Summon Lightning Spire         Summoning/Air                4
   f - Summon Ice Beast               Ice/Summoning                4
Comestibles
 c - 3 bread rations
 i - 2 meat rations
 n - a royal jelly
 o - 4 fruits


   Skills:
 + Level 0.1 Fighting
   Level 0.2 Short Blades
 + Level 0.1 Slings
 + Level 1.5 Dodging
 + Level 1.1 Stealth
 + Level 1.3 Spellcasting
 + Level 3.3 Summonings


You had 2 spell levels left.
You knew the following spells:

 Your Spells              Type           Power        Failure   Level  Hunger
a - Summon Small Mammal   Summ           #...         9%          1    ##.....


Dungeon Overview and Level Annotations

Branches:
Dungeon (1/15)

Altars:
Qazlal

Annotations:
D:2 Crazy Yiuf


Innate Abilities, Weirdness & Mutations

You are too large for most types of armour.
You have claws for hands.
Your metabolism is lightning-fast.
You like to eat raw meat.
Your natural rate of healing is unusually fast.
You are covered in fur. (AC +1)
You have very tough skin. (AC +2)


Message History

Your rat bites Crazy Yiuf.
Your rat closely misses Crazy Yiuf.
Crazy Yiuf hits you with a quarterstaff of chaos.
* * * LOW HITPOINT WARNING * * *
You are confused.
It was a potion of curing.
You feel better.
Crazy Yiuf laughs, "Fire!"
Crazy Yiuf hits you but does no damage.
Your rat barely misses Crazy Yiuf.
You feel yourself speed up. Crazy Yiuf barely misses you.
Your rat bites Crazy Yiuf but does no damage.
Crazy Yiuf barely misses you.
You are too injured to fight recklessly!
Attack whom?
Press: ? - help, Dir - move target cursor, f/p - Crazy Yiuf
Aim: Crazy Yiuf, wielding a quarterstaff of chaos and wearing a cloak (moderately wounded, fast)
You reach to attack!
You closely miss Crazy Yiuf.
Crazy Yiuf is moderately wounded.
Crazy Yiuf hits you with a quarterstaff of chaos!
* * * LOW HITPOINT WARNING * * *
Crazy Yiuf freezes you.
You die...

######## ##.#..#.### ###
##......#@g##...#
#......####r'...# #...#.##
###..)# #.##### ### #.#
#.# ### #.# ##.### #.#
#....#
#.################.##.####


You could see Crazy Yiuf and a friendly rat.

Vanquished Creatures
  A goblin (D:2)
  2 hobgoblins (D:2)
  A quokka (D:2)
  A bat (D:2)
  2 frilled lizards (D:2)
  2 rats (D:2)
9 creatures vanquished.

Vanquished Creatures (collateral kills)
  An adder (D:2)
  A dart slug (D:2)
  A goblin (D:2)
  A frilled lizard (D:2)
4 creatures vanquished.

Grand Total: 13 creatures vanquished

Notes
Turn   | Place    | Note
-------+----------+-------------------------------------------
     0 | D:1      | GrayWolf the Troll Summoner began the quest for the Orb.
     0 | D:1      | Reached XP level 1. HP: 16/16 MP: 1/1
    18 | D:1      | You fall through a shaft!
    32 | D:2      | Reached skill level 3 in Summonings
   267 | D:2      | Found a stormy altar of Qazlal.
   326 | D:2      | Reached XP level 2. HP: 24/24 MP: 2/2
   447 | D:2      | Found a runed door.
   451 | D:2      | Noticed Crazy Yiuf
   463 | D:2      | Slain by Crazy Yiuf

Skill      XL: |  1 |
---------------+----+-----
Summonings     | 3 |  3.3
Fighting       | |  0.1
Short Blades   | |  0.2
Slings         | |  0.1
Dodging        | |  1.5
Stealth        | |  1.1
Spellcasting   | |  1.3

Action                   || total
-------------------------++-------
Melee: Club              ||    10
       Dagger            ||     7
       Trident           ||    15
 Fire: Hunting sling     ||     3
 Cast: Summon Small Mamm ||    10
  Use: Potion            ||     2
 Stab: Distracted        ||     1
       Sleeping          ||     1
  Eat: Chunk             ||     2
       Meat ration       ||     1
Armor: Robe              ||    17
Dodge: Dodged            ||    16
